[Event "Early-Titled-Tuesday-Blitz-February-06-2024"]
[Site "Chess.com"]
[Date "2024.02.06"]
[Round "1"]
[White "ProChessWICTH"]
[Black "SmirnovTimofey2000"]
[Result "1-0"]
[WhiteElo "2545"]
[BlackElo "1975"]
[TimeControl "180+1"]
[EndTime "8:07:22 PST"]
[Termination "ProChessWICTH won on time"]

1. e4 e5 2. Nf3 Nf6 3. Nc3 Bb4 4. Bc4 O-O 5. d3 d5 6. exd5 Nxd5 7. Bd2 Nxc3 8. bxc3 Bd6 9. h3 Nc6 10. O-O Na5 11.
Bb3 Nxb3 12. cxb3 Bf5 13. d4 e4 14. Ne5 Qf6 15. Nc4 b5 16. Nxd6 cxd6 17. Qe2 a6 18. a4 bxa4 19. Rxa4 d5 20. Rfa1 Qg6 21. Kh1 Bc8 22. c4 dxc4 23. bxc4 Rd8 24. d5 Bd7 25. Ra5 Rdb8 26. Bf4 Rc8 27. c5 Bb5 28. Qxb5 axb5 29. Rxa8 Qf5 30. g4 Qd7 31. R1a7 Qe8 32. Rxc8 Qxc8 33.
d6 g5 34. d7 Qd8 35. Bxg5 Qxg5 36. Ra8+ 1-0

[Event "Early-Titled-Tuesday-Blitz-February-06-2024"]
[Site "Chess.com"]
[Date "2024.02.06"]
[Round "1"]
[White "betta2004"]
[Black "abhidabhi"]
[Result "1/2-1/2"]
[WhiteElo "2506"]
[BlackElo "2905"]
[TimeControl "180+1"]
[EndTime "8:07:23 PST"]
[Termination "Game drawn by repetition"]

1. e4 e6 2. Nf3 d5 3. e5 c5 4. a3 Nc6 5. b4 cxb4 6. axb4 Bxb4 7. c3 Bf8 8. d4 Nge7 9. Bd3 Nf5 10. h4 Be7 11. Bg5 h6 12. Bxe7 Nfxe7 13. g4 Bd7 14. h5 Qc7 15. Na3 Na5 16. Nb5 Bxb5 17. Bxb5+ Kf8 18.
O-O a6 19. Bd3 Qxc3 20. Rc1 Qb3 21. Qe2 Qb6 22. Rb1 Qc7 23. Rfc1 Nac6 24. Qb2 Ra7 25.
Nd2 g6 26. hxg6 Nxg6 27. Bxg6 fxg6 28. Nb3 Kg7 29. Nc5 Qf7 30. Qb6 Rf8 31. Rb2 Raa8 32. Nxb7 Ne7 33. Nc5 Rfb8 34. Qxb8 Rxb8 35. Rxb8 Qf3 36.
Nxe6+ Kh7 37. Nf8+ Kg7 38. Ne6+ Kh7 39. Nf8+ Kg7 40.
Ne6+ 1/2-1/2

[Event "Early-Titled-Tuesday-Blitz-February-06-2024"]
[Site "Chess.com"]
[Date "2024.02.06"]
[Round "1"]
[White "the_chess_child"]
[Black "Aash20"]
[Result "1-0"]
[WhiteElo "2898"]
[BlackElo "2493"]
[TimeControl "180+1"]
[EndTime "8:07:23 PST"]
[Termination "the_chess_child won by resignation"]

1. e4 c5 2. Nf3 g6 3. g3 Nc6 4.
Bg2 Bg7 5. O-O d6 6. Re1 Bg4 7.
h3 Bxf3 8. Qxf3 Nf6 9. d3 O-O 10. c3 Rb8 11. a4 a6 12. Qd1 b5 13.
axb5 axb5 14. Be3 b4 15. d4 bxc3 16. bxc3 cxd4 17. cxd4 Rc8 18. Na3 Nd7 19. Rc1 Nb4 20. Qb3 Qa5 21. Nc4 Qb5 22. Bf1 Qb8 23. Rb1 Nc6 24.
Qa4 Qc7 25. d5 Nce5 26. Nxe5 Nxe5 27. Rec1 Qd7 28. Qxd7 Nxd7 29. Rxc8 Rxc8 30. Rb7 Rd8 31. Bb5 Nc5 32. Bxc5 dxc5 33. Rxe7 Bd4 34. Kg2 Kf8 35. Rb7 Ra8 36. d6 Ra2 37. Rb8+ Kg7 38. d7 Rxf2+ 39. Kh1 Bf6 40. d8=Q Bxd8 41. Rxd8 Rb2 42. Bc4 Rc2 43. Bd5 h5 44. Rd7 Rf2 45. Kg1 Rf6 46. Rc7 Kf8 47. Rxc5 h4 48. gxh4 Rf4 49. Rc7 Kg7 50.
Kg2 Kf8 51. Kg3 Rf1 52. Kg4 Kg7 53. Rxf7+ Rxf7 54. Bxf7 Kxf7 55. Kg5 Kg7 56. e5 Kf7 57. e6+ Kxe6 58. Kxg6 1-0

[Event "Early-Titled-Tuesday-Blitz-February-06-2024"]
[Site "Chess.com"]
[Date "2024.02.06"]
[Round "1"]
[White "Elsa167"]
[Black "verrbaa"]
[Result "1-0"]
[WhiteElo "2890"]
[BlackElo "2490"]
[TimeControl "180+1"]
[EndTime "8:07:23 PST"]
[Termination "Elsa167 won on time"]

1. e4 c5 2. Nf3 e6 3. d3 d5 4. Nbd2 Nc6 5. g3 Nf6 6. Bg2 g6 7. O-O Bg7 8. Re1 O-O 9. c3 Qc7 10. h4 b6 11. a3 a5 12. e5 Nd7 13.
d4 cxd4 14. cxd4 f6 15. exf6 Nxf6 16. b3 Bd7 17. Bb2 Ng4 18. Rc1 Qd6 19. Bh3 Nxf2 20. Kxf2 Nxd4 21. Bxd4 Bxd4+ 22. Kg2 Bg7 23. Nc4 Qe7 24.
Nxb6 Rae8 25. Nxd7 Qxd7 26. Ng5 Qd6 27. Bxe6+ Rxe6 28.
Nxe6 Rb8 29. Nxg7 Kxg7 30. Qd4+ Kh6 31. Qf4+ Qxf4 32. gxf4 Rxb3 33. Re5 Rxa3 34. Rxd5 a4 35. Rc7 1-0

[Event "Early-Titled-Tuesday-Blitz-February-06-2024"]
[Site "Chess.com"]
[Date "2024.02.06"]
[Round "1"]
[White "cthulhuuu"]
[Black "Gennady_Kozlov"]
[Result "0-1"]
[WhiteElo "2385"]
[BlackElo "2705"]
[TimeControl "180+1"]
[EndTime "8:07:24 PST"]
[Termination "Gennady_Kozlov won on time"]

1. e4 e6 2. d3 d5 3. Nd2 Nf6 4. Ngf3 c5 5. g3 Nc6 6. Bg2 Be7 7. O-O O-O 8. e5 Nd7 9. Re1 Qc7 10.
Qe2 b5 11. h4 a5 12. Nf1 Ba6 13. Bf4 b4 14. N1h2 c4 15. Rad1 cxd3 16. cxd3 b3 17.
a3 Bc5 18. Ng5 h6 19. Qh5 hxg5 20. hxg5 Ncxe5 21. d4 Bxd4 22. Rxd4 f6 23. g6 Rfc8 24.
Qh7+ Kf8 25. Qh8+ Ke7 26. Qxg7+ Kd6 27. Ng4 Rg8 28. Qxf6 Nxf6 29. Bxe5+ Kc5 30. Rc1+ Bc4 31. Rdxc4+ dxc4 32. Bxc7 Nxg4 33. Bxa8 Rxa8 34. Re1 e5 35. Bxe5 Rg8 36. g7 Nxe5 37. Rxe5+ Kd4 38. Rg5 a4 39. Rg6 Kd3 40. Rc6 Rxg7 41. Kg2 Re7 42. f4 Re2+ 43.
Kf3 Rxb2 44. f5 Rb1 45. Kf2 b2 46. f6 Rf1+ 47. Kxf1 b1=Q+ 48. Kg2 Qb2+ 49. Kh3 Qe5 50. g4 Qe3+ 51. Kh4 c3 52. g5 Qe4+ 53. Kh5 Qxc6 54. f7 Qc5 0-1

[Event "Early-Titled-Tuesday-Blitz-February-06-2024"]
[Site "Chess.com"]
[Date "2024.02.06"]
[Round "1"]
[White "laskakid"]
[Black "Mikhail_Golubev"]
[Result "0-1"]
[WhiteElo "2337"]
[BlackElo "2651"]
[TimeControl "180+1"]
[EndTime "8:07:24 PST"]
[Termination "Mikhail_Golubev won by resignation"]

1. d4 Nf6 2. c4 g6 3. Nc3 Bg7 4. Nf3 O-O 5. Bg5 d6 6. e3 c5 7. d5 e6 8. Nd2 exd5 9. cxd5 Na6 10. Be2 Nc7 11. e4 b5 12. Nxb5 Nxb5 13. Bxb5 Rb8 14.
Bd3 h6 15. Bh4 Rxb2 16. O-O Rb4 17. Rc1 Re8 18. Re1 g5 19. Bg3 Ng4 20. Nc4 Ne5 21. Nxe5 Bxe5 22. Bxe5 Rxe5 23. Qf3 Kg7 24. Qg3 Qf6 25. h4 Qf4 26. Qxf4 gxf4 27. f3 Re7 28. Rb1 Reb7 29. Rxb4 Rxb4 30. Rc1 Kf6 31. Kf2 Ke5 32. Ke2 Rb2+ 33. Rc2 Rxc2+ 34. Bxc2 Kd4 35. Ba4 Ba6+ 36. Kd2 Bf1 37. Ke1 Bxg2 38. Kf2 Bh3 39. Be8 f6 40. Bf7 Bc8 41. Ke2 Ba6+ 42. Kd2 c4 43.
Kc2 c3 44. Bh5 Bd3+ 45. Kc1 Ke3 46. Bg4 Be2 47. Kc2 Bxf3 0-1

[Event "Early-Titled-Tuesday-Blitz-February-06-2024"]
[Site "Chess.com"]
[Date "2024.02.06"]
[Round "1"]
[White "Chessdude1987"]
[Black "Zavgorodniy_Sergiy"]
[Result "0-1"]
[WhiteElo "2271"]
[BlackElo "2608"]
[TimeControl "180+1"]
[EndTime "8:07:25 PST"]
[Termination "Zavgorodniy_Sergiy won on time"]

1. e4 e5 2. Nf3 d6 3. d4 exd4 4.
Nxd4 Nf6 5. Nc3 Be7 6. Be2 O-O 7.
O-O Re8 8. Re1 c6 9. a4 a5 10. f4 Na6 11. Kh1 Bf8 12. Bf3 Nb4 13. Be3 g6 14.
Qd2 Qc7 15. Rad1 Bg4 16. Bxg4 Nxg4 17. Bg1 Rad8 18. h3 Nf6 19. g4 Qc8 20. Qg2 Bg7 21. Rd2 Nd7 22. Rde2 Nc5 23. Nf3 Ne6 24. Qg3 c5 25. e5 d5 26. f5 Nd4 27. Nxd4 cxd4 28.
Nb5 d3 29. cxd3 d4 30. f6 Bf8 31. Nxd4 Nc6 32. Nf5 Qe6 33. d4 Qd5+ 34. Kh2 Kh8 35.
Nh4 Nxd4 36. Rd2 Qc4 37. Red1 Ne6 38. Rxd8 Nxd8 39. Rxd8 Rxd8 40. Be3 Qe2+ 41. Ng2 Qxb2 42. g5 Qb3 43. h4 Qd1 44. e6 fxe6 45. Qe5 Bd6 0-1

[Event "Early-Titled-Tuesday-Blitz-February-06-2024"]
[Site "Chess.com"]
[Date "2024.02.06"]
[Round "1"]
[White "C_K_G"]
[Black "Casablanca"]
[Result "0-1"]
[WhiteElo "2121"]
[BlackElo "2559"]
[TimeControl "180+1"]
[EndTime "8:07:25 PST"]
[Termination "Casablanca won by resignation"]

1. e4 c5 2. Nf3 d6 3. d4 cxd4 4. Nxd4 Nf6 5. Nc3 g6 6. f4 Nc6 7. Bb5 Bd7 8. O-O Nxd4 9. Qxd4 Bxb5 10. Nxb5 Bg7 11. e5 Nd7 12. Qd5 Qb6+ 13. Kh1 O-O 14. exd6 e6 15. Qd3 a6 16. Na3 Nc5 17. Qd1 Ne4 18.
Nc4 Nf2+ 19. Rxf2 Qxf2 20. Be3 Qh4 21. Bb6 Qxf4 22. Qd3 Rac8 23. Bc7 Rxc7 24. dxc7 Qxc7 25. Rd1 Rc8 26. b3 b5 27. Ne3 Bf6 28. c4 Rd8 29. Qe2 Rxd1+ 30. Qxd1 bxc4 31. Nxc4 Be7 32. h3 e5 33. Qe2 f6 34. Kg1 Kg7 35. Kf2 Qc6 36. Qe3 Bc5 37. Ke2 Bxe3 38. Nxe3 Qb5+ 39. Nc4 f5 0-1

[Event "Early-Titled-Tuesday-Blitz-February-06-2024"]
[Site "Chess.com"]
[Date "2024.02.06"]
[Round "1"]
[White "JohnWhite1952"]
[Black "Truequitos"]
[Result "0-1"]
[WhiteElo "1984"]
[BlackElo "2547"]
[TimeControl "180+1"]
[EndTime "8:07:26 PST"]
[Termination "Truequitos won by checkmate"]

1. e4 e6 2. d4 d5 3. Nc3 Nf6 4. e5 Nfd7 5. f4 c5 6. Nf3 Nc6 7. Be3 Be7 8. Be2 O-O 9. O-O a6 10. a3 b5 11. dxc5 Nxc5 12. b4 Nd7 13. Nd4 Bb7 14.
Nxc6 Bxc6 15. Bf3 Rc8 16. Ne2 Nb6 17. Nd4 Nc4 18. Qd3 Bb7 19. Bf2 Qd7 20. Rfe1 Ra8 21. f5 exf5 22. e6 fxe6 23. Nxe6 Rf6 24. Nd4 Re8 25. Bh4 Rff8 26. Bxe7 Rxe7 27. Rxe7 Qxe7 28. Nxf5 Qf6 29. Bxd5+ Kh8 30. Rf1 Rd8 31. Re1 Qb6+ 32. Kh1 Qg6 33. Re7 Rxd5 34. Qe2 Rd1+ 35. Qxd1 Qxg2# 0-1

[Event "Early-Titled-Tuesday-Blitz-February-06-2024"]
[Site "Chess.com"]
[Date "2024.02.06"]
[Round "1"]
[White "FoxOnTheRun97"]
[Black "Iunusovnuriddin"]
[Result "1-0"]
[WhiteElo "2628"]
[BlackElo "2305"]
[TimeControl "180+1"]
[EndTime "8:07:27 PST"]
[Termination "FoxOnTheRun97 won by resignation"]

1. d4 Nf6 2. Bg5 Ne4 3. h4 c5 4. d5 h6 5. Bc1 d6 6. Nd2 Nxd2 7. Bxd2 b5 8. e4 a6 9. a4 bxa4 10. Rxa4 e6 11. Bd3 Be7 12. h5 exd5 13. exd5 Nd7 14.
Ne2 Nb6 15. Ra3 c4 16. Be4 f5 17. Bf3 Bf6 18. Bc3 O-O 19. O-O Bb7 20. Bd4 Nd7 21. Nf4 Bxd4 22. Qxd4 Nc5 23. Qxc4 Qf6 24. b4 Nd7 25.
Qc7 Bc8 26. Ne6 Rf7 27. Qxd6 Ne5 28. Be2 Bb7 29. Rg3 Rd7 30. Qb6 Bxd5 31. f4 Nc4 32.
Bxc4 Bxc4 33. Re1 Re8 34. Rg6 Qh4 35. Qf2 Qxf2+ 36. Kxf2 Rde7 37. Nxg7 Re2+ 38. Rxe2 Rxe2+ 39. Kf3 Kf7 40. Nxf5 Rxc2 41. Nd6+ Ke7 42. Nxc4 Rxc4 43. Rxa6 1-0

[Event "Early-Titled-Tuesday-Blitz-February-06-2024"]
[Site "Chess.com"]
[Date "2024.02.06"]
[Round "1"]
[White "FM_VS99"]
[Black "arnash_bauyrzhan"]
[Result "1-0"]
[WhiteElo "2602"]
[BlackElo "2254"]
[TimeControl "180+1"]
[EndTime "8:07:27 PST"]
[Termination "FM_VS99 won by resignation"]

1. d4 d5 2. Nf3 Nf6 3. g3 e6 4. Bg2 Be7 5. O-O O-O 6. c4 dxc4 7. Qc2 a6 8. a4 Bd7 9. Qxc4 Bc6 10. Bf4 Nbd7 11.
Nc3 Bd6 12. Rfd1 Bxf4 13. gxf4 Bd5 14. Qd3 Bxf3 15. Bxf3 c6 16. e4 Qe7 17. Qc4 Rfd8 18. b4 Rac8 19. a5 Nf8 20. Ne2 Ng6 21. Ra3 e5 22. f5 Nh4 23. Ng3 exd4 24. Rxd4 Qe5 25. Rxd8+ Rxd8 26. Be2 Rd4 27. Qc5 Qxc5 28. bxc5 Nxe4 29.
Re3 f6 30. Rxe4 Rxe4 31. Nxe4 Nxf5 32. Bg4 Nd4 33. Bc8 Nb3 34. Bxb7 Nxa5 35. Bxa6 Nb3 36. Bc4+ 1-0

[Event "Early-Titled-Tuesday-Blitz-February-06-2024"]
[Site "Chess.com"]
[Date "2024.02.06"]
[Round "1"]
[White "Kleyton_Lima"]
[Black "agvania123"]
[Result "1-0"]
[WhiteElo "2596"]
[BlackElo "2239"]
[TimeControl "180+1"]
[EndTime "8:07:27 PST"]
[Termination "Kleyton_Lima won by resignation"]

1. d4 Nf6 2. c4 g6 3. Nc3 d5 4. cxd5 Nxd5 5. Bd2 Bg7 6. e4 Nxc3 7. Bxc3 O-O 8. Qd2 Nd7 9. Nf3 c5 10.
d5 a6 11. a4 Nf6 12. Bd3 e6 13. Bxf6 Bxf6 14. e5 Bg7 15. d6 f6 16. exf6 Bxf6 17.
Be4 Rb8 18. Rd1 Bd7 19. O-O e5 20. Bxb7 Bxa4 21. Ra1 Bb5 22. Bd5+ Kh8 23. Rfd1 Qxd6 24.
Qh6 Bg7 25. Qe3 Qf6 26. Ng5 Bh6 27. h4 Bxg5 28. hxg5 Qf4 29. Qxc5 Be2 30. Re1 Rxb2 31. g3 Qxf2+ 32. Qxf2 Rxf2 33. Kxf2 Bc4+ 34. Kg1 Bxd5 35. Rxe5 Rg2+ 36. Kf1 Rh2 37. Rae1 Rh1+ 38. Kf2 Rxe1 39. Kxe1 Bc4 40. Re7 Kg8 41. Kd2 Kf8 42. Rxh7 Bf7 43. Rh4 Ke7 44. Ra4 Ke6 45. Rxa6+ Ke5 46. Ke3 Be6 47.
Ra5+ Kd6 48. Kf4 Bf7 49. Ra6+ Ke7 50. Ke5 Be8 51. Ra7+ Kf8 52. Kf6 Bb5 53. Ra8+ Be8 54. Rb8 Kg8 55. Rxe8+ Kh7 56. Re7+ 1-0

[Event "Early-Titled-Tuesday-Blitz-February-06-2024"]
[Site "Chess.com"]
[Date "2024.02.06"]
[Round "1"]
[White "Predo63"]
[Black "tptagain"]
[Result "0-1"]
[WhiteElo "2500"]
[BlackElo "2931"]
[TimeControl "180+1"]
[EndTime "8:07:28 PST"]
[Termination "tptagain won by resignation"]

1. d4 d5 2. Bf4 c5 3. c3 Nc6 4. e3 e6 5. Nd2 Nf6 6. Ngf3 cxd4 7. cxd4 Be7 8. Be2 Nh5 9. Bg3 O-O 10. O-O Nxg3 11.
hxg3 Bd7 12. a3 Rc8 13. Rc1 h6 14. Qb3 Na5 15. Qa2 b5 16. b3 Bd6 17. a4 b4 18. Qb2 Qb6 19. Ne5 Bxe5 20. dxe5 Nb7 21. Nf3 Nc5 22. Nd4 Ne4 23. Rxc8 Rxc8 24. Rc1 Nc3 25. Bd3 Qc7 26. Kf1 Qxe5 27. Qd2 Qh5 28.
Kg1 e5 29. Nb5 Bxb5 30. axb5 Qg5 31. Ra1 Qe7 32. Bf5 Rc7 33. b6 Rb7 34. bxa7 Rxa7 35.
Rxa7 Qxa7 36. Qd3 Qb6 37. Bd7 g6 38. Bg4 Kg7 39. Bh3 Qb5 40. Qd2 Qe2 41. Qc1 f5 42. Qa1 Qa2 43. Qxa2 Nxa2 44. g4 Kf6 45. gxf5 gxf5 46. g4 Nc1 47. gxf5 Nxb3 48. Kf1 Nc5 49. Ke2 Ne4 50. f3 b3 51. Kd1 Nf2+ 0-1

[Event "Early-Titled-Tuesday-Blitz-February-06-2024"]
[Site "Chess.com"]
[Date "2024.02.06"]
[Round "1"]
[White "Onischuk_V"]
[Black "AccioChess"]
[Result "1-0"]
[WhiteElo "2808"]
[BlackElo "2447"]
[TimeControl "180+1"]
[EndTime "8:07:28 PST"]
[Termination "Onischuk_V won on time"]

1. e4 e5 2. Nf3 Nc6 3. Bc4 Nf6 4. d3 Be7 5. O-O O-O 6. Re1 d6 7. a4 Be6 8. Nc3 Qd7 9. Ng5 Bxc4 10. dxc4 Nd4 11.
Be3 h6 12. Nf3 Nxf3+ 13. Qxf3 c6 14. Rad1 Qe6 15. b3 Nd7 16. Rd3 f5 17. Qh3 Rf6 18. f3 a6 19. exf5 Rxf5 20. Red1 Raf8 21. Ne4 Nc5 22.
Bxc5 dxc5 23. Rd7 Bg5 24. Ng3 Be3+ 25. Kh1 Bd4 26. Nxf5 Rxf5 27. Rxb7 Qg6 28. Rb8+ Kh7 29. Qh4 Rf4 30. Qe1 e4 31. fxe4 Rxe4 32. Qg3 Qf5 33. Qf3 Qe6 34. Qd3 g6 35. Rf8 Re1+ 36. Rxe1 Qxe1+ 37. Rf1 1-0

[Event "Early-Titled-Tuesday-Blitz-February-06-2024"]
[Site "Chess.com"]
[Date "2024.02.06"]
[Round "1"]
[White "TrompeterImEther"]
[Black "dianamirza"]
[Result "1-0"]
[WhiteElo "2541"]
[BlackElo "1966"]
[TimeControl "180+1"]
[EndTime "8:07:28 PST"]
[Termination "TrompeterImEther won by resignation"]

1. e4 d5 2. exd5 Qxd5 3. Nc3 Qd8 4. d4 Nf6 5. Nf3 Bg4 6. h3 Bxf3 7. Qxf3 c6 8. Be3 e6 9. Bd3 Nbd7 10. O-O Be7 11. Ne2 O-O 12. c4 Nb6 13. Rfd1 Qc7 14. Nc3 Rad8 15. Rac1 c5 16. Nb5 Qc6 17. dxc5 Qxf3 18.
gxf3 Na4 19. b4 Nb2 20. Be2 Nxd1 21. Bxd1 a6 22. Nc3 Rd3 23. Be2 Rd7 24. Na4 e5 25. Nb6 Rdd8 26. a4 Nd7 27. Nd5 Bf6 28. b5 Rc8 29. Nb6 Nxb6 30. cxb6 axb5 31. axb5 Rfd8 32. c5 Rd5 33. Bc4 Rdd8 34. c6 bxc6 35. bxc6 Kf8 36. c7 Rd7 37. Ba6 Rdd8 38. Bxc8 Rxc8 39. b7 Re8 40.
c8=Q 1-0

[Event "Early-Titled-Tuesday-Blitz-February-06-2024"]
[Site "Chess.com"]
[Date "2024.02.06"]
[Round "1"]
[White "LangesNasenhaar"]
[Black "chito89"]
[Result "0-1"]
[WhiteElo "2490"]
[BlackElo "2891"]
[TimeControl "180+1"]
[EndTime "8:07:29 PST"]
[Termination "chito89 won by checkmate"]

1. d4 Nf6 2. Bg5 d5 3. e3 c5 4. Bxf6 gxf6 5. dxc5 e6 6. b4 a5 7. c3 axb4 8. cxb4 b6 9. Bb5+ Bd7 10. Bxd7+ Qxd7 11. Nf3 bxc5 12. bxc5 Bxc5 13. O-O O-O 14. Nbd2 Nc6 15. Nb3 Be7 16. Nfd4 Ne5 17. Qe2 f5 18. Rfc1 Rfc8 19. h3 Bf6 20. Rxc8+ Qxc8 21. Rc1 Qf8 22. Rc2 Nc4 23. g3 Kh8 24. Kg2 Qg7 25.
Nf3 Be7 26. Nfd4 Bd6 27. Nf3 Rg8 28. Kh1 Qh6 29. Kg2 Bb8 30. Nbd4 Nd6 31. Ne5 Qg7 32. Ndc6 Ne4 33. Qh5 Bxe5 34. Nxe5 Qxe5 35. Qxf7 Nxg3 36. Rc7 Ne4+ 37. Kf1 Qa1+ 38. Ke2 Qxa2+ 39. Kd3 Qd2# 0-1

[Event "Early-Titled-Tuesday-Blitz-February-06-2024"]
[Site "Chess.com"]
[Date "2024.02.06"]
[Round "1"]
[White "Dedic8"]
[Black "Bodnar_Mykola"]
[Result "1-0"]
[WhiteElo "2876"]
[BlackElo "2478"]
[TimeControl "180+1"]
[EndTime "8:07:29 PST"]
[Termination "Dedic8 won on time"]

1. d4 Nf6 2. c4 e6 3. Nc3 Bb4 4. e3 O-O 5. Bd3 d5 6. a3 Bd6 7. c5 Be7 8. Nf3 b6 9. b4 a5 10. Bb2 c6 11. O-O Ba6 12. Bxa6 Nxa6 13. Ne5 Qc8 14. Na4 Bd8 15. cxb6 axb4 16. Qc2 Nd7 17.
Qxc6 Qxc6 18. Nxc6 Nxb6 19. axb4 Nc4 20. Bc3 Nc7 21. Nc5 Rxa1 22. Rxa1 Nb5 23. Be1 Bb6 24. Nd7 Re8 25. Ra6 Bc7 26. Na5 h6 27. Kf1 Rd8 28. Nxc4 Rxd7 29. Na3 Nxa3 30. Rxa3 Bd6 31. Ra6 Kf8 32.
b5 Ke8 33. Ba5 g6 34. Ke2 Ke7 35. b6 e5 36. dxe5 Bxe5 37. Kd3 h5 38. Bb4+ Bd6 39.
Ba5 Rb7 40. Ra7 Rxa7 41. bxa7 Kd7 42. a8=Q 1-0

[Event "Early-Titled-Tuesday-Blitz-February-06-2024"]
[Site "Chess.com"]
[Date "2024.02.06"]
[Round "1"]
[White "KbzasDavid16"]
[Black "JiiHart"]
[Result "1-0"]
[WhiteElo "2563"]
[BlackElo "2146"]
[TimeControl "180+1"]
[EndTime "8:07:29 PST"]
[Termination "KbzasDavid16 won on time"]

1. d4 d5 2. Nf3 Nf6 3. g3 g6 4. Bg2 Bg7 5. O-O O-O 6. c4 c5 7. cxd5 cxd4 8. Nxd4 Nxd5 9. Nb5 Be6 10. N1c3 Nxc3 11.
Nxc3 Nc6 12. Qa4 Qb6 13. Qa3 Qb4 14. Qxb4 Nxb4 15. Bf4 Nc6 16. a3 Rac8 17. Rac1 Rfd8 18.
Rfd1 b6 19. h4 Na5 20. h5 Nb3 21. Rxd8+ Rxd8 22. Rd1 Rxd1+ 23. Nxd1 Nc5 24. b4 Nd7 25. hxg6 hxg6 26. Ne3 Ne5 27. Nc2 Nc4 28. Bc1 a6 29. e4 Bb2 30. Bxb2 Nxb2 31. Kf1 Nc4 32. Ke2 a5 33. f4 axb4 34. axb4 f6 35. Kd3 1-0

[Event "Early-Titled-Tuesday-Blitz-February-06-2024"]
[Site "Chess.com"]
[Date "2024.02.06"]
[Round "1"]
[White "Yeritsyaan"]
[Black "elgrona"]
[Result "1-0"]
[WhiteElo "2630"]
[BlackElo "2303"]
[TimeControl "180+1"]
[EndTime "8:07:30 PST"]
[Termination "Yeritsyaan won on time"]

1. Nf3 Nf6 2. c4 c6 3. e3 d5 4. b3 Bf5 5. Bb2 e6 6. Be2 h6 7. O-O Nbd7 8. d4 Bd6 9. Nc3 O-O 10. Bd3 Bg4 11. h3 Bh5 12. e4 dxc4 13. Bxc4 e5 14.
dxe5 Nxe5 15. Be2 Bg6 16. Qc2 Re8 17. Rfd1 Nxf3+ 18. Bxf3 Qc7 19. Re1 Bh2+ 20. Kh1 Bg3 21. fxg3 Qxg3 22. Ne2 Qh4 23. Bxf6 gxf6 24. Nc3 Re5 25.
Rad1 Rg5 26. Ne2 Re8 27. Ng1 Rg3 28. Qd2 Re5 29. Re3 Reg5 30. Rde1 f5 31. exf5 Bxf5 32. Re8+ Kh7 33. Qc3 Rg7 34. Qe5 Bxh3 35. Qe4+ f5 36. Qxh4 1-0

[Event "Early-Titled-Tuesday-Blitz-February-06-2024"]
[Site "Chess.com"]
[Date "2024.02.06"]
[Round "1"]
[White "tarno17"]
[Black "Leebit02"]
[Result "0-1"]
[WhiteElo "2111"]
[BlackElo "2559"]
[TimeControl "180+1"]
[EndTime "8:07:30 PST"]
[Termination "Leebit02 won by resignation"]

1. e4 c5 2. Nf3 e6 3. g3 Nc6 4.
Bg2 Nf6 5. d3 Be7 6. e5 Ng4 7. Qe2 Qc7 8. Bf4 h5 9. h3 Nh6 10. Nc3 Nf5 11. Ne4 b6 12. c3 Bb7 13.
g4 Nh6 14. Nd6+ Bxd6 15. exd6 Qd8 16. Bg5 Qb8 17. Bf4 Qd8 18. Ne5 Qc8 19. Be4 Kf8 20.
O-O-O Nxe5 21. Bxe5 f6 22. Bf4 Nf7 23. g5 fxg5 24.
Bxb7 Qxb7 25. Be5 Qd5 26. d4 cxd4 27. Rxd4 Qxe5 28. Qd2 Rc8 29. Re1 Qf5 30. f4 g4 31.
hxg4 hxg4 32. Re5 Nxe5 33. fxe5 Kg8 34. Rf4 Qxe5 35. b3 Rh1+ 36. Kb2 Re1 37. Rxg4 Re2 38.
Rg2 Rxd2+ 39. Rxd2 Qxc3+ 0-1

[Event "Early-Titled-Tuesday-Blitz-February-06-2024"]
[Site "Chess.com"]
[Date "2024.02.06"]
[Round "1"]
[White "BigAl"]
[Black "vi_pranav"]
[Result "0-1"]
[WhiteElo "2523"]
[BlackElo "3049"]
[TimeControl "180+1"]
[EndTime "8:07:31 PST"]
[Termination "vi_pranav won on time"]

1. Nf3 Nf6 2. g3 d5 3. Bg2 c6 4. O-O Bg4 5. d3 Nbd7 6. c4 e6 7. Be3 Be7 8. Qb3 Qc8 9. Nc3 O-O 10. Rac1 h6 11. cxd5 exd5 12. h3 Bxf3 13. Bxf3 Ne5 14. Bg2 Qd7 15. Bd4 Ng6 16. Na4 b6 17. Rfd1 Rfd8 18.
e4 c5 19. Bxf6 Bxf6 20. exd5 Ne7 21. Nc3 Rac8 22. d6 Nf5 23. Ne4 Bd4 24. Re1 Nxd6 25.
Re2 Nf5 26. Rce1 g6 27. Kh2 Bg7 28. Qd1 c4 29. d4 Nxd4 30. Rd2 f5 31. Nc3 Nf3+ 32.
Bxf3 Qxd2 33. Re8+ Kf7 34. Qxd2 Rxd2 35. Rxc8 Rxf2+ 36. Bg2 Rxb2 37. Rxc4 Be5 38. Nd5 Rxa2 39. Rc6 g5 40. Nxb6 axb6 41. Rxb6 Ra3 42. Rxh6 Bxg3+ 43. Kg1 f4 44. Rh7+ Kg6 45. Be4+ Kf6 46. Rh8 Ke5 47.
Re8+ Kd4 48. Bc6 Ra2 0-1

[Event "Early-Titled-Tuesday-Blitz-February-06-2024"]
[Site "Chess.com"]
[Date "2024.02.06"]
[Round "1"]
[White "OrtizAnahi2001"]
[Black "jcibarra"]
[Result "1-0"]
[WhiteElo "2616"]
[BlackElo "2868"]
[TimeControl "180+1"]
[EndTime "8:07:31 PST"]
[Termination "OrtizAnahi2001 won by checkmate"]

1. d4 Nf6 2. c4 d6 3. Nc3 e5 4. d5 Bf5 5. Nf3 a5 6. g3 h6 7. Bg2 Na6 8. O-O Be7 9. Nh4 Bh7 10. e4 O-O 11. Re1 Nc5 12. b3 Re8 13. a3 a4 14. b4 Nb3 15. Rb1 Nxc1 16. Rxc1 Nd7 17. Nf3 Nb6 18. Qe2 Bf8 19. Nb5 c6 20. Nc3 cxd5 21. Nxd5 Nxd5 22. cxd5 Qd7 23. Nd2 Rec8 24. Nc4 Qb5 25. Bf1 Rc7 26. Qe3 Qe8 27. Nb6 Rxc1 28.
Rxc1 Rb8 29. Rc7 Qd8 30. Rc4 Be7 31. f3 Bg5 32. Qf2 f5 33. Bd3 f4 34. Bc2 fxg3 35. hxg3 h5 36. Bxa4 h4 37. Kg2 hxg3 38. Qg1 Bf4 39.
Nd7 Ra8 40. Nb6 Rb8 41. Nd7 Rc8 42. Qb6 Bg6 43. Rxc8 Qxc8 44. Qxd6 Qc3 45. Qxg6 Qd2+ 46. Kh3 Qh2+ 47. Kg4 Bg5 48. Qe8+ Kh7 49. Nf8+ Kg8 50. Ng6+ Kh7 51. Nf8+ Kg8 52. Ng6+ Kh7 53. Qh8+ Kxg6 54. Be8+ Kf6 55. Qf8# 1-0

[Event "Early-Titled-Tuesday-Blitz-February-06-2024"]
[Site "Chess.com"]
[Date "2024.02.06"]
[Round "1"]
[White "FaustinoOro"]
[Black "Talent-OF-Slovenia"]
[Result "1-0"]
[WhiteElo "2782"]
[BlackElo "2435"]
[TimeControl "180+1"]
[EndTime "8:07:31 PST"]
[Termination "FaustinoOro won by resignation"]

1. d4 d5 2. Nf3 Nf6 3. c4 c6 4. e3 Bg4 5. Nc3 e6 6. Be2 Nbd7 7. O-O Bd6 8. h3 Bh5 9. Qc2 Bg6 10. Bd3 dxc4 11.
Bxg6 hxg6 12. a4 e5 13. Qe2 Qe7 14. Qxc4 e4 15. Nd2 Nb6 16. Qe2 Nbd5 17. Nc4 Bc7 18.
Bd2 Qe6 19. f4 exf3 20. Rxf3 O-O-O 21. Raf1 Nxc3 22. bxc3 Ne4 23. Be1 f5 24. a5 Rdf8 25. Qd3 g5 26. g4 g6 27. Nd2 Qd6 28. Qe2 Nxc3 29. Qg2 f4 30. Nc4 Qd5 31. Nb2 Ne4 32. Nd3 Bd6 33. exf4 Qxd4+ 34. Kh1 gxf4 35. Nxf4 Ng5 36.
Rd3 Qc5 37. Nxg6 Rxf1+ 38. Qxf1 Re8 39. Nh4 Qe5 40. Bg3 Qe4+ 41. Kh2 Qxd3 42. Qxd3 1-0

[Event "Early-Titled-Tuesday-Blitz-February-06-2024"]
[Site "Chess.com"]
[Date "2024.02.06"]
[Round "1"]
[White "GMT4114"]
[Black "bulletteemo"]
[Result "0-1"]
[WhiteElo "1967"]
[BlackElo "2542"]
[TimeControl "180+1"]
[EndTime "8:07:31 PST"]
[Termination "bulletteemo won on time"]

1. e4 c5 2. Nc3 Nc6 3. Bb5 Nd4 4.
Nf3 a6 5. Bd3 g6 6. Rb1 Bg7 7.
b4 cxb4 8. Rxb4 Nc6 9. Rb1 Nf6 10.
O-O d5 11. exd5 Nxd5 12. Nxd5 Qxd5 13. Bb2 e5 14. Qe2 O-O 15. Be4 Qc5 16. h3 Re8 17. Rfe1 Bd7 18. Qd3 Rad8 19. Qb3 Na5 20. Qc3 Rc8 21.
Qxc5 Rxc5 22. Bc3 f5 23. Bxb7 e4 24. Bxg7 Kxg7 25. Nd4 Nc4 26. Bxa6 Nxd2 27. Rb7 Rd5 28. Nb3 Kf6 29. Nxd2 Rxd2 30. Kf1 Ra8 31. Bc4 Be8 32.
Rxh7 Rxc2 33. Bb3 Rd2 34. h4 Rc8 35. g3 Rc3 36. Rh8 Bb5+ 37. Kg1 Rf3 38. Rf8+ Ke5 0-1